 Dungeon Crawl Stone Soup version 0.23.2-1-ga50397a (webtiles) character file.

Game seed: 2841420317864089507

240 Leeroy the Conjurer (level 5, -1/38 (40) HPs)
             Began as a Draconian Conjurer on Apr 14, 2019.
             Killed by nerve-wracking pain
             ... invoked by Grinder
              (13 damage)
             ... on level 3 of the Dungeon.
             The game lasted 00:08:39 (2726 turns).

Leeroy the Conjurer (Draconian Conjurer)            Turns: 2726, Time: 00:08:40

HP:   -1/38 (40)    AC:  5    Str: 10    XL:     5   Next: 80%
MP:   0/9           EV: 13    Int: 17    God:
Gold: 99            SH:  0    Dex: 11    Spells: 3/9 levels left

rFire    . . .     SeeInvis .   k - +0 short sword
rCold    . . .     Gourm    .   (no shield)
rNeg     . . .     Faith    .   (armour unavailable)
rPois    .         Spirit   .   (helmet restricted)
rElec    .         Reflect  .   (no cloak)
rCorr    .         Harm     .   (no gloves)
MR       .....                  (no boots)
Stlth    ++........             (no amulet)
HPRegen  0.12/turn              (no ring)
MPRegen  0.11/turn              (no ring)

@: no status effects
A: unfitting armour, cold-blooded, AC +5
a: no special abilities


You were on level 3 of the Dungeon.
You were hungry.

You visited 1 branch of the dungeon, and saw 4 of its levels.

You collected 99 gold pieces.

Inventory:

Hand Weapons
 c - a +0 dagger
 k - a +0 short sword (weapon)
 n - a +0 spear
 q - a +0 dagger
 r - a +0 hunting sling
Missiles
 a - 10 poisoned needles
 g - 44 arrows
 o - 49 stones (quivered)
 p - 14 bolts
Scrolls
 d - 2 scrolls of remove curse {unknown}
 e - 3 scrolls of teleportation {unknown}
 f - 3 scrolls of enchant weapon {unknown}
 h - a scroll of noise {unknown}
 m - 2 scrolls of identify {unknown}
 t - a scroll of amnesia {unknown}
Potions
 i - 2 potions of ambrosia {unknown}
 j - a potion of curing {unknown}
 l - a potion of might {unknown}
Comestibles
 b - 6 rations
 s - 2 chunks of flesh


   Skills:
 - Level 1.3 Fighting
 - Level 3.0 Dodging
 - Level 1.7 Stealth
 + Level 2.8 Spellcasting
 - Level 6.0 Conjurations


You had 3 spell levels left.
You knew the following spells:

 Your Spells              Type           Power        Failure   Level  Hunger
a - Magic Dart            Conj           ###.         1%          1    #......
b - Searing Ray           Conj           ###...       2%          2    ##.....
c - Dazzling Spray        Conj/Hex       ##....       16%         3    ###....

Your spell library contained the following spells:

 Spells                   Type           Power        Failure   Level  Hunger
 Iskenderun's Mystic Bla  Conj           ###.....     16%         4    #####..
 Force Lance              Conj/Tloc      ##......     45%         4    #####..
 Fulminant Prism          Conj/Hex       ##........   45%         4    #####..


Dungeon Overview and Level Annotations

Branches:
Dungeon (4/15)
 Temple: D:4-7

Altars:
Ashenzari
Cheibriados
Wu Jian

Annotations:
D:3 Grinder
D:4 Sigmund


Innate Abilities, Weirdness & Mutations

Your plain brown scales are hard. (AC +5)
You cannot fit into any form of body armour.
You are cold-blooded and may be slowed by cold attacks.


Message History

Unknown command.
Unknown command.
Unknown command.
Unknown command.
Unknown command.
Casting: Searing Ray (safe; 2% risk of failure)
Confirm with . or Enter, or press ? or * to list all spells.
Okay, then.
Grinder gestures at you.
You shrug off the repeated paralysis!
Grinder blinks!
Throwing (i - inventory)
o - 50 stones (quivered)
Press: ? - help, Shift-Dir - straight line, f/p - Grinder
Aim: Grinder (severely wounded)
You throw a stone.
The stone hits Grinder but does no damage.
Grinder is severely wounded.
Grinder gestures at you. Pain shoots through your body!
You die...

###....##...⌠.##'##.⌠#
########...###....K.....5...#
.......†...# #.#.###...(....#
#...####.#####.#...#.......#.
....###..####..#...+..._...+
...............#...#.........
#.........###.5##.##.....b.#.
#........####.....#.........#
..##.....#....##@.#⌠.##+##.⌠#
...........#...##.####....##.
.........###...##....#...#
.###......##...####§.#...#
###..#.<.......# #....####.#
##..##.#####.5.###.5.......#
#..###.# #....##.)...[...#
.......# #................
..######## ###5...........##


You could see Grinder.

Vanquished Creatures
  A necrophage (D:2)
  A crimson imp (D:3)
  2 adders (D:2)
  4 gnolls
  An ooze (D:2)
  A worm (D:2)
  2 dart slugs (D:3)
  4 leopard geckos
  5 bats
  A giant cockroach (D:2)
  8 hobgoblins
  3 jackals (D:3)
  2 quokkas
  3 frilled lizards
  10 goblins
  3 kobolds
  5 rats
56 creatures vanquished.

Notes
Turn   | Place    | Note
-------+----------+-------------------------------------------
     0 | D:1      | Leeroy the Draconian Conjurer began the quest for the Orb.
     0 | D:1      | Reached XP level 1. HP: 14/14 MP: 3/3
   168 | D:1      | Reached XP level 2. HP: 12/20 MP: 1/5
   412 | D:1      | Learned a level 2 spell: Searing Ray
   849 | D:2      | Reached XP level 3. HP: 26/26 MP: 1/6
  1115 | D:2      | Noticed a necrophage
  1152 | D:2      | Killed a necrophage
  1152 | D:2      | Reached skill level 5 in Conjurations
  1152 | D:2      | Reached XP level 4. HP: 31/31 MP: 0/7
  1284 | D:2      | Reached XP level 5. HP: 18/36 MP: 0/8
  1436 | D:2      | Reached skill level 6 in Conjurations
  1805 | D:2      | You fall through a shaft for 2 floors!
  1841 | D:4      | Noticed Sigmund
  1884 | D:3      | Reached skill level 1 in Fighting
  2226 | D:3      | Found a snail-covered altar of Cheibriados.
  2276 | D:3      | Found an ornate altar of the Wu Jian Council.
  2315 | D:3      | Found a shattered altar of Ashenzari.
  2316 | D:3      | Noticed Grinder
  2495 | D:3      | Paralysed by Grinder for 2 turns
  2678 | D:3      | Paralysed by Grinder for 5 turns
  2687 | D:3      | Learned a level 3 spell: Dazzling Spray
  2709 | D:3      | Paralysed by Grinder for 3 turns
  2720 | D:3      | Paralysed by Grinder for 2 turns
  2726 | D:3      | Killed from afar by Grinder

Skill      XL: |  1  2  3  4  5 |
---------------+----------------+-----
Dodging        | 2 3 |  3.0
Conjurations   | 5 6 |  6.0
Fighting       | 1 |  1.3
Stealth        | |  1.7
Spellcasting   | |  2.8

Action                   |  1- 3 |  4- 6 || total
-------------------------+-------+-------++-------
Melee: Dagger            |    64 |    63 ||   127
       Tailslap          |     8 |     9 ||    17
       Short sword       |       |    17 ||    17
Throw: Stone             |       |     3 ||     3
 Cast: Magic Dart        |    11 |     9 ||    20
       Searing Ray       |     6 |    17 ||    23
 Stab: Sleeping          |     2 |     2 ||     4
  Eat: Chunk             |     1 |     6 ||     7
Armor: Skin              |    26 |    60 ||    86
Dodge: Dodged            |    45 |   107 ||   152
